Map: Línea Aguablanca EE

Players

MrFercho - Winner!

  • Race: Zerg Zerg
  • League: Silver
  • Spawn Location: 1:00

tigro - Winner!

  • Race: Terran Terran
  • League: Bronze
  • Spawn Location: 12:00

TATORREA - Winner!

  • Race: Protoss Protoss
  • League: Gold
  • Spawn Location: 1:00

ainure

  • Race: Protoss Protoss
  • Spawn Location: 6:00

Seba

  • Race: Protoss Protoss
  • Spawn Location: 7:00

Isrra

  • Race: Terran Terran
  • Spawn Location: 7:00

VOD

Have the link to the VOD?

Description

Time

  • Played on: July 18, 2020, 7:52 p.m.
  • Length: 13:19
Show
View Real Time Build Order
Export as new Build Order

MrFercho Zerg - Winner!

Build Orders: Hatch First, Lurkers 

Get SALT Encoding   

  12  0:01  Drone  
  13  0:20  Overlord  
  13  0:22  Drone  
  14  0:39  Drone x2  
  16  0:55  Drone  
  17  0:57  Drone  
  18  1:04  Hatchery  
  18  1:09  Extractor  
  16  1:16  Spawning Pool  
  16  1:18  Drone  
  16  1:24  Drone  
  17  1:27  Drone  
  18  1:36  Drone  
  19  1:52  Overlord  
  19  1:57  Drone  
  21  2:08  Drone  
  21  2:16  Drone  
  21  2:19  Drone  
  21  2:20  Queen x2  
  27  2:23  Metabolic Boost  
  27  2:27  Drone  
  29  2:30  Drone  
  29  2:55  Drone x4  
  33  3:17  Drone x3  
  36  3:20  Overlord x2  
  36  3:23  Lair  
  36  3:30  Extractor, Drone  
  36  3:38  Queen, Drone  
  36  3:39  Drone  
  40  3:44  Drone  
  40  3:45  Drone  
  42  3:51  Drone x3  
  45  4:01  Drone x4  
  49  4:06  Overlord x2  
  49  4:17  Hatchery  
  48  4:24  Pneumatized Carapace  
  48  4:32  Extractor  
  47  4:47  Nydus Network  
  47  4:48  Evolution Chamber  
  47  4:49  Drone x3  
  48  4:55  Spore Crawler  
  47  5:06  Overseer  
  47  5:11  Drone x8  
  55  5:28  Zerg Melee Weapons Level 1  
  55  5:33  Baneling Nest  
  54  5:36  Hydralisk Den, Drone  
  54  5:37  Drone x2  
  56  5:43  Extractor, Drone x3  
  56  5:47  Drone  
  59  5:53  Zergling x14  
  59  5:54  Zergling x2  
  67  5:58  Overlord  
  67  6:06  Queen  
  67  6:10  Drone x5  
  74  6:16  Centrifical Hooks  
  74  6:19  Grooved Spines  
  74  6:47  Hydralisk  
  74  6:48  Hydralisk x3  
  74  6:50  Overlord x4  
  74  6:51  Overlord  
  82  6:57  Extractor  
  82  6:58  Extractor  
  80  7:04  Overseer  
  80  7:09  Hatchery  
  80  7:11  Hatchery  
  78  7:28  Zergling x6  
  78  7:29  Zergling x26  
  94  7:30  Muscular Augments  
  94  7:32  Baneling x15  
  94  7:33  Baneling  
  94  7:34  Hydralisk x4  
  102  7:43  Evolution Chamber  
  101  8:08  Hydralisk x6  
  101  8:09  Hydralisk x4  
  101  8:10  Overlord  
  101  8:11  Overlord x3  
  121  8:28  Infestation Pit  
  121  8:31  Lurker Den  
  119  8:42  Hydralisk x7  
  119  8:45  Zergling x20  
  143  9:06  Hive  
  143  9:13  Drone x3  
  143  9:15  Drone  
  143  9:16  Drone  
  148  9:25  Zergling x2  
  148  9:26  Zergling x18  
  158  9:40  Zerg Missile Weapons Level 1  
  158  9:41  Zerg Melee Weapons Level 2  
  158  9:50  Overlord x4  
  158  9:51  Overlord x7  
  158  9:56  Overseer x3  
  158  10:11  Spire  
  157  10:19  Adaptive Talons  
  157  10:21  Hydralisk x11  
  179  11:04  Hatchery  
  178  11:05  Extractor  
  178  11:07  Extractor  
  176  11:11  Nydus Canal  
  176  11:16  Seismic Spines  
  176  11:27  Lurker x2  
  176  11:28  Lurker x8  
Show
View Real Time Build Order
Export as new Build Order

tigro Terran - Winner!

Build Orders:  

Get SALT Encoding   

  12  0:02  SCV  
  13  0:14  SCV  
  14  0:26  SCV  
  15  0:38  Supply Depot  
  15  0:40  Refinery  
  15  0:59  SCV  
  15  1:00  Supply Depot  
  15  1:03  Barracks  
  16  1:11  SCV  
  16  1:16  Refinery  
  17  1:23  SCV  
  18  1:54  Marine  
  19  2:11  Marine  
  19  2:13  Factory  
  20  2:20  SCV  
  21  2:29  Marine  
  22  2:32  SCV  
  23  2:44  SCV  
  23  2:45  Engineering Bay  
  23  2:47  Marine  
  25  2:56  SCV  
  26  3:01  Factory Tech Lab  
  26  3:05  Command Center, Marine  
  27  3:08  SCV  
  28  3:23  Siege Tank  
  28  3:26  Barracks Tech Lab  
  31  3:30  Terran Infantry Weapons Level 1  
  31  3:38  Orbital Command  
  31  3:50  Barracks  
  31  4:19  Refinery  
  31  4:31  SCV  
  32  4:41  Barracks Reactor  
  32  4:43  SCV  
  33  4:48  Combat Shield  
  33  4:55  SCV  
  34  5:02  Missile Turret  
  34  5:07  SCV  
  35  5:19  SCV  
  36  5:24  Terran Infantry Armor Level 1, Missile Turret  
  36  5:26  Refinery  
  36  5:31  SCV  
  37  5:43  SCV  
  37  5:48  Missile Turret  
  38  5:55  SCV  
  39  5:58  Starport  
  39  6:07  Stimpack  
  39  6:08  SCV  
  40  6:12  Missile Turret  
  40  6:20  SCV  
  41  6:32  SCV  
  42  6:35  Starport  
  42  6:36  Armory  
  42  6:44  SCV  
  42  6:45  Medivac  
  45  6:56  SCV  
  46  7:06  Siege Tank  
  50  7:08  SCV  
  50  7:15  Starport Tech Lab  
  50  7:18  Hi-Sec Auto Tracking  
  50  7:20  SCV  
  51  7:29  Fusion Core  
  51  7:36  Missile Turret  
  51  7:46  Terran Vehicle Weapons Level 1  
  51  7:49  Thor  
  57  7:57  Missile Turret  
  57  7:59  Starport Tech Lab  
  57  8:09  SCV  
  58  8:15  Neosteel Armor  
  58  8:22  SCV  
  58  8:26  Weapon Refit  
  59  8:33  Siege Tank  
  62  8:47  Supply Depot  
  62  9:08  SCV  
  63  9:10  Supply Depot  
  63  9:20  SCV  
  63  9:23  Missile Turret  
  64  9:33  SCV  
  64  9:34  Supply Depot  
  64  9:35  Marine x3  
  68  9:40  Terran Vehicle And Ship Armor Level 1  
  68  9:46  Missile Turret  
  68  9:52  Marine  
  68  9:53  Marine x2  
  68  9:54  Terran Infantry Weapons Level 2  
  71  10:06  Rapid Reignition System, Missile Turret  
  71  10:08  Battlecruiser  
  71  10:10  Marine  
  71  10:11  Marine x2  
  80  10:26  Command Center, Missile Turret  
  80  10:28  Marine x2  
  82  10:46  Missile Turret  
  82  10:58  Refinery  
  82  11:06  Battlecruiser, Missile Turret  
  83  11:13  Battlecruiser  
  72  11:26  Missile Turret  
  72  11:46  Missile Turret  
  72  12:10  Battlecruiser  
  72  12:13  Missile Turret  
  82  12:33  Missile Turret  
  76  12:53  Missile Turret  
Show
View Real Time Build Order
Export as new Build Order

TATORREA Protoss - Winner!

Build Orders: Carriers 

Get SALT Encoding   

  12  0:01  Probe  
  13  0:13  Probe  
  14  0:25  Pylon  
  14  0:28  Probe  
  15  0:43  Probe  
  16  0:53  Gateway  
  16  0:59  Probe  
  17  1:05  Assimilator  
  17  1:10  Pylon  
  17  1:11  Probe  
  17  1:21  Probe  
  18  1:29  Probe  
  18  1:37  Probe  
  19  1:45  Nexus  
  20  1:52  Probe  
  21  1:58  Cybernetics Core  
  21  2:14  Assimilator  
  21  2:15  Probe  
  22  2:16  Gateway  
  22  2:27  Probe, Zealot  
  25  2:42  Probe  
  26  2:45  Warp Gate  
  26  2:54  Probe  
  26  2:55  Pylon  
  26  2:58  Probe  
  28  2:59  Stargate  
  28  3:07  Probe  
  29  3:14  Stalker  
  29  3:16  Pylon, Probe  
  32  3:34  Probe  
  32  3:35  Probe  
  34  3:45  Sentry  
  34  3:46  Probe  
  34  3:47  Probe  
  38  3:49  Pylon  
  38  3:53  Forge  
  38  3:59  Assimilator, Probe x2  
  38  4:02  Assimilator, Phoenix  
  42  4:11  Probe x2  
  44  4:23  Probe x2  
  44  4:24  Fleet Beacon  
  46  4:35  Probe  
  46  4:36  Probe  
  48  4:54  Nexus  
  48  4:55  Probe  
  48  4:56  Probe  
  48  4:57  Pylon  
  50  5:01  Pylon  
  50  5:07  Probe  
  50  5:08  Probe  
  50  5:11  Stalker  
  50  5:12  Stalker  
  56  5:19  Probe  
  56  5:20  Probe  
  58  5:31  Probe  
  58  5:33  Probe, Stargate  
  58  5:35  Stargate  
  60  5:39  Protoss Air Weapons Level 1  
  60  5:43  Probe  
  60  5:45  Probe  
  60  5:46  Cybernetics Core  
  62  5:56  Carrier  
  68  6:00  Probe  
  68  6:01  Probe  
  70  6:09  Probe  
  71  6:13  Probe x2  
  71  6:17  Tempest  
  78  6:21  Probe  
  78  6:24  Carrier  
  85  6:26  Probe x2  
  87  6:39  Protoss Air Armor Level 1  
  87  6:42  Probe x3  
  90  6:53  Assimilator  
  90  6:54  Probe x3  
  90  6:55  Assimilator  
  90  6:58  Pylon  
  90  7:00  Pylon, Carrier  
  99  7:15  Tempest  
  99  7:22  Pylon, Nexus  
  104  7:25  Pylon  
  104  7:30  Probe x3  
  104  7:33  Protoss Air Weapons Level 2  
  107  7:40  Carrier  
  113  7:52  Anion Pulse-Crystals  
  119  8:05  Carrier  
  119  8:35  Protoss Air Armor Level 2  
  119  8:37  Tempest  
  119  8:41  Assimilator  
  124  8:45  Assimilator  
  124  8:52  Stargate  
  124  8:55  Carrier  
  130  9:21  Tempest, Carrier  
  141  9:40  Pylon  
  141  9:50  Pylon  
  141  9:53  Pylon  
  141  9:58  Pylon  
  141  10:04  Pylon  
  141  10:07  Gateway  
  141  10:08  Gateway  
  141  10:11  Gateway  
  141  10:13  Tempest, Carrier  
  141  10:14  Gateway, Carrier  
  158  10:17  Gateway  
  158  10:20  Gateway  
  158  10:22  Gateway  
  158  10:25  Tempest  
  163  10:33  Gateway  
  163  10:34  Gateway  
  163  10:36  Gateway  
  163  10:38  Gateway  
  161  10:44  Gateway  
  161  10:47  Gateway  
  157  10:56  Twilight Council, Carrier  
  163  11:08  Tempest  
  168  11:17  Tempest  
  168  11:18  Carrier  
  163  11:51  Carrier  
  169  12:00  Tempest  
  174  12:21  Tempest  
Show
View Real Time Build Order
Export as new Build Order

ainure Protoss 

Build Orders:  

Get SALT Encoding   

  12  0:05  Probe  
  13  0:27  Pylon  
  13  0:34  Assimilator  
  13  0:37  Probe  
  14  0:48  Gateway  
  15  0:50  Probe  
  15  1:02  Probe  
  16  1:06  Forge  
  16  1:12  Pylon  
  16  1:26  Pylon  
  16  1:27  Probe  
  16  1:32  Pylon  
  17  1:35  Probe  
  18  1:45  Cybernetics Core  
  18  2:00  Probe  
  19  2:12  Probe  
  19  2:13  Photon Cannon  
  20  2:33  Assimilator  
  20  2:42  Stalker  
  22  3:03  Pylon, Probe  
  23  3:12  Stalker  
  25  3:15  Probe  
  26  3:22  Pylon  
  26  3:28  Protoss Ground Armor Level 1, Probe  
  27  3:38  Probe  
  28  3:42  Zealot  
  28  3:46  Probe  
  30  3:54  Probe  
  32  4:03  Photon Cannon  
  32  4:09  Stalker, Nexus  
  34  4:16  Assimilator  
  34  4:20  Assimilator  
  34  4:25  Probe  
  35  4:37  Probe  
  35  4:38  Stargate  
  36  4:47  Stargate  
  36  4:49  Probe  
  37  4:54  Pylon  
  37  5:02  Probe  
  38  5:14  Probe  
  39  5:17  Stargate  
  39  5:19  Probe  
  39  5:21  Photon Cannon  
  39  5:27  Probe  
  40  5:29  Zealot  
  43  5:37  Probe  
  44  5:43  Probe  
  44  5:49  Pylon  
  45  5:51  Probe  
  45  5:56  Zealot  
  48  6:01  Probe  
  48  6:04  Phoenix  
  51  6:05  Phoenix  
  51  6:08  Phoenix  
  55  6:13  Probe  
  55  6:17  Probe  
  56  6:25  Probe x2  
  59  6:33  Probe  
  59  6:36  Nexus  
  60  6:40  Photon Cannon  
  60  6:49  Photon Cannon  
  60  7:10  Void Ray  
  64  7:15  Protoss Air Weapons Level 1, Oracle  
  64  7:19  Phoenix  
  69  7:26  Probe  
  69  7:34  Probe  
  70  7:38  Pylon  
  70  7:41  Pylon  
  70  7:42  Pylon  
  71  7:44  Probe  
  71  7:46  Pylon  
  72  7:56  Probe  
  72  7:57  Assimilator  
  73  7:59  Probe  
  73  8:00  Assimilator  
  74  8:08  Probe x2  
  74  8:12  Void Ray  
  80  8:14  Void Ray  
  80  8:17  Probe  
  84  8:21  Void Ray  
  89  8:54  Void Ray  
  93  8:56  Void Ray  
  97  9:13  Probe  
  98  9:21  Probe  
  98  9:24  Protoss Air Armor Level 1  
  98  9:31  Probe  
  99  9:34  Fleet Beacon  
  99  9:37  Photon Cannon  
  100  9:41  Photon Cannon  
  100  9:43  Photon Cannon  
  100  9:52  Photon Cannon  
  100  9:59  Shield Battery  
  100  10:06  Shield Battery  
  100  10:34  Photon Cannon  
  100  10:43  Tempest  
  100  10:44  Carrier x2  
Show
View Real Time Build Order
Export as new Build Order

Seba Protoss 

Build Orders:  

Get SALT Encoding   

  12  0:04  Probe  
  13  0:25  Pylon  
  13  0:31  Assimilator  
  13  0:37  Assimilator  
  13  0:45  Gateway  
  13  0:58  Gateway  
  13  1:18  Gateway  
  13  1:22  Probe  
  14  1:29  Pylon  
  14  1:34  Probe  
  15  1:46  Probe  
  16  1:51  Zealot  
  18  2:04  Forge  
  18  2:07  Zealot  
  20  2:17  Cybernetics Core  
  20  2:20  Probe  
  21  2:33  Probe  
  22  2:39  Pylon  
  22  2:45  Probe  
  23  2:52  Zealot  
  23  2:55  Zealot  
  27  3:01  Probe  
  28  3:13  Probe  
  29  3:25  Probe  
  30  3:37  Probe  
  30  3:38  Nexus  
  31  3:44  Pylon  
  31  4:08  Gateway  
  31  4:09  Protoss Ground Weapons Level 1  
  31  4:19  Photon Cannon  
  31  4:21  Photon Cannon  
  31  4:51  Photon Cannon  
  31  4:55  Photon Cannon  
  31  5:02  Probe  
  32  5:14  Probe  
  33  5:22  Pylon  
  33  5:26  Probe  
  34  5:33  Stalker  
  34  5:34  Stalker  
  38  5:36  Stalker  
  38  5:38  Probe  
  41  5:44  Stargate  
  41  5:50  Probe  
  41  5:51  Stargate  
  41  5:56  Pylon  
  42  6:06  Pylon  
  42  6:11  Stalker  
  42  6:12  Stalker  
  42  6:13  Stalker  
  42  6:18  Protoss Shields Level 1  
  48  6:23  Probe  
  49  6:35  Probe  
  49  6:38  Stargate  
  50  6:44  Stargate  
  50  6:47  Probe  
  51  7:07  Void Ray  
  55  7:11  Void Ray  
  59  7:22  Nexus  
  59  7:36  Void Ray  
  63  7:41  Void Ray  
  67  8:22  Stalker  
  67  8:24  Stalker  
  67  8:25  Stalker  
  73  9:07  Stalker  
  73  9:09  Stalker  
  77  9:11  Stalker  
  77  9:13  Void Ray  
  83  9:26  Assimilator  
  83  9:31  Assimilator  
  83  9:58  Probe  
  84  10:02  Void Ray  
  84  10:06  Void Ray  
  92  10:10  Probe  
  93  10:20  Void Ray  
  97  10:21  Void Ray  
  101  11:25  Probe  
Show
View Real Time Build Order
Export as new Build Order

Isrra Terran 

Build Orders:  

Get SALT Encoding   

  12  0:02  SCV  
  14  0:14  SCV  
  14  0:19  Supply Depot  
  14  0:26  SCV  
  15  0:41  SCV  
  16  0:45  Barracks  
  16  0:53  SCV  
  17  1:03  Supply Depot  
  17  1:05  SCV  
  18  1:17  SCV  
  19  1:25  Refinery  
  19  1:29  SCV  
  20  1:37  Engineering Bay  
  20  1:41  Marine  
  21  1:54  Supply Depot  
  21  1:55  SCV  
  22  2:07  SCV  
  23  2:16  Barracks Reactor  
  23  2:20  SCV  
  24  2:25  Bunker  
  24  2:26  Command Center  
  24  2:33  SCV  
  25  2:38  Refinery  
  25  2:45  SCV  
  26  2:55  Marine x2  
  26  2:57  SCV  
  29  3:08  Missile Turret  
  29  3:09  SCV  
  30  3:21  SCV  
  30  3:24  Marine x2  
  33  3:33  SCV  
  34  3:44  Factory  
  34  3:45  SCV  
  35  3:50  Sensor Tower  
  35  3:52  SCV  
  36  3:57  Marine x2, SCV  
  39  4:04  SCV  
  39  4:06  Terran Infantry Weapons Level 1  
  40  4:15  Marine x2  
  42  4:17  SCV x2  
  44  4:29  SCV x2  
  46  4:35  Marine  
  46  4:36  Marine  
  48  4:40  Sensor Tower  
  48  4:41  SCV x2  
  50  4:49  Starport  
  50  4:50  Factory Tech Lab  
  50  4:53  Marine x2  
  50  4:56  SCV x2  
  54  5:09  Engineering Bay  
  54  5:14  Refinery  
  54  5:18  Supply Depot  
  54  5:23  Supply Depot  
  54  5:26  Supply Depot  
  54  5:37  Bunker  
  54  5:39  Marine x2, SCV x2  
  58  5:46  Fusion Core  
  58  5:51  Siege Tank  
  61  5:57  Marine x2  
  61  5:58  Starport Reactor  
  63  6:13  Refinery  
  63  6:14  SCV x2  
  63  6:15  Marine x2  
  67  6:22  Terran Infantry Armor Level 1  
  67  6:26  Hi-Sec Auto Tracking, SCV x2  
  69  6:39  Siege Tank  
  72  7:08  Starport  
  72  7:11  Weapon Refit  
  72  7:12  Siege Tank  
  75  7:47  Sensor Tower  
  75  8:10  Missile Turret  
  75  8:11  Missile Turret  
  75  8:14  Missile Turret  
  75  8:16  Missile Turret  
  75  8:32  Missile Turret  
  75  8:39  Orbital Command x2  
  75  8:45  Starport Tech Lab  
  75  9:02  Starport  
  75  9:32  Command Center  
  75  9:34  Marine x2  
  77  9:39  Missile Turret  
  77  9:40  Starport Tech Lab  
  77  9:52  Marine  
  78  10:08  Supply Depot  
  78  10:16  Supply Depot  
  78  10:30  Marine, Battlecruiser  
  85  10:38  Battlecruiser  
  85  10:40  Battlecruiser  
  70  11:23  Starport  
  70  11:26  Starport  
  70  11:31  Starport  
  69  11:34  Starport, Battlecruiser  
  69  11:39  Starport  
  75  11:42  Battlecruiser  
  75  11:45  Battlecruiser  
Tags
 
Add a new tag
Caveats
  • Supply blocks, unpowered buildings, or Contaminate may cause inaccurate times.
  • Supply counts are checked every 10 seconds.